cohdb
Replays
Latest Replays
All Replays
Popular Replays
Top Player Replays
Match Explorer
How It Works
Community
CoH3 Stats
Reddit
Sign in to upload your games and track your stats! →
Sign in with Steam
Match 41824659
Unlisted
Match 41824659
Overview
Messages
Build Orders
End
Selects Airborne Battlegroup
Selects Heavy Machine Gun Paradrop
Heavy Machine Gun Paradrop
Engineer Squad
Heavy Machine Gun Paradrop
Air Support Center
Grasshopper Recon Run
P-47 Strafing Run
Double Sortie
Selects Paratrooper Squad Paradrop
Paratrooper Squad Paradrop
Air Supremacy
Grasshopper Recon Run
Construct Medical Station
Paratrooper Squad Paradrop
P-47 Strafing Run
Selects Smoke Bombing Run
Selects Supply Drop
Supply Drop
Grasshopper Recon Run
Construct Weapon Support Center
Paratrooper Squad Paradrop
P-47 Strafing Run
Grasshopper Recon Run
P-47 Dive Bomb
Paratrooper Squad Paradrop
P-47 Strafing Run
Grasshopper Recon Run
Paratrooper Squad Paradrop
Supply Drop
Improved M9 Bazooka Rockets
Grasshopper Recon Run
Kusa
The Window
从心
upham76
legion_66
ashilrye
MZMZ
jerjawe
0
0
Comments
sign in to comment!
No comments posted yet!